 Dungeon Crawl Stone Soup version 0.29-a0-23-ga79f92ac9c (webtiles) character file.

Game seed: 16879397997829011965

9797 HallandMoats the Grappler (level 11, -3/101 HPs)
             Began as a Ghoul Monk on Jan 30, 2022.
             Was a High Priest of Okawaru.
             Killed by dispel undead
             ... invoked by Josephine
              (16 damage)
             ... on level 11 of the Dungeon.
             The game lasted 00:17:31 (11965 turns).

HallandMoats the Grappler (Ghoul Monk)             Turns: 11965, Time: 00:17:31

Health: -3/101     AC: 10    Str: 20    XL:     11   Next: 52%
Magic:  0/17       EV: 15    Int:  7    God:    Okawaru [*****.]
Gold:   1148       SH:  0    Dex: 17    Spells: 10/10 levels left

rFire   . . .      SeeInvis .     - Unarmed
rCold   + + +      Faith    .   (no shield)
rNeg    + + +      Spirit   +   x - +2 steam dragon scales
rPois   ∞          Reflect  .   (no helmet)
rElec   .          Harm     .   D - +0 cloak of the Valley of Death {Int+2 Dex+6}
rCorr   .          Rampage  .   (no gloves)
Will    .....                   l - +0 pair of boots
Stlth   ++........              d - amulet of guardian spirit
HPRegen 0.00/turn               a - ring of protection from cold
MPRegen 0.15/turn               i - ring of protection from cold

@: inhibited regen
A: claws 1, cold resistance 1, negative energy resistance 3, inhibited
regeneration, torment resistance 2
a: Renounce Religion, Heroism, Finesse, Duel


You were on level 11 of the Dungeon.
You worshipped Okawaru.
Okawaru was extremely pleased with you.
You visited 2 branches of the dungeon, and saw 12 of its levels.
You also visited: Bailey.

You collected 1247 gold pieces.
You spent 99 gold pieces at shops.

Inventory:

Hand Weapons
 H - a +3 spectral quarterstaff
 I - the +8 falchion of Annihilation {vorpal, Str+3}
   (You took it off a kobold in a bailey)

   It inflicts extra damage upon your enemies.
   Str:       It affects your strength (+3).
Armour
 l - a +0 pair of boots (worn)
 x - +2 steam dragon scales (worn)
 D - the +0 cloak of the Valley of Death (worn) {Int+2 Dex+6}
   (You found it on level 8 of the Dungeon)

   Int:       It affects your intelligence (+2).
   Dex:       It affects your dexterity (+6).
Jewellery
 a - a ring of protection from cold (left claw)
 d - an amulet of guardian spirit (around neck)
 i - a ring of protection from cold (right claw)
Wands
 c - a wand of digging (4)
 n - a wand of polymorph (5)
 y - a wand of flame (9)
 G - a wand of mindburst (7)
Scrolls
 e - a scroll of immolation
 j - a scroll of blinking
 k - 3 scrolls of brand weapon
 m - a scroll of magic mapping
 p - 4 scrolls of vulnerability {unknown}
 r - a scroll of enchant armour
 t - a scroll of fog {unknown}
 v - 2 scrolls of silence {unknown}
 B - 7 scrolls of identify
 C - a scroll of summoning {unknown}
 E - a scroll of enchant weapon {unknown}
Potions
 b - 2 potions of heal wounds
 f - 2 potions of might
 g - a potion of cancellation
 h - 9 potions of curing
 o - 3 potions of degeneration {unknown}
 q - 2 potions of resistance
 s - 5 potions of haste
 u - 5 potions of flight
 w - a potion of lignification {unknown}
 z - a potion of mutation {unknown}
 F - a potion of berserk rage {unknown}


   Skills:
 * Level 10.4 Fighting
 + Level 5.5 Armour
 + Level 6.4 Dodging
 - Level 2.1 Stealth
 * Level 10.4 Unarmed Combat
 * Level 9.5 Invocations


You had 10 spell levels left.
You didn't know any spells.
Your spell library contained the following spells:

 Spells                   Type           Power      Damage    Failure   Level
 Sandblast                Erth           0%         2d4       43%         1
 Shock                    Conj/Air       0%         1d3       43%         1
 Ensorcelled Hibernation  Hex/Ice        0%         N/A       56%         2
 Passwall                 Tmut/Erth      0%         N/A       56%         2
 Stone Arrow              Conj/Erth      0%         3d7       80%         3
 Swiftness                Air            0%         N/A       80%         3
 Airstrike                Air            0%         N/A       99%         4
 Anguish                  Hex/Necr       0%         N/A       99%         4
 Enfeeble                 Hex            0%         N/A       100%        7
 Tukima's Dance           Hex            Unusable   N/A       N/A         3

Dungeon Overview and Level Annotations

Branches:
Dungeon (11/15)            Temple (1/1) D:5            Lair (0/6) D:8
 Bailey (visited)
    Orc: D:9-12

Altars:
Ashenzari
Cheibriados
Dithmenos
Elyvilon
Fedhas
Gozag
Hepliaklqana
Kikubaaqudgha
Makhleb
Nemelex Xobeh
Okawaru
Qazlal
Ru
Sif Muna
Trog
Uskayaw
Vehumet
Wu Jian
Xom
Yredelemnul
Zin
The Shining One

Shops:
D:8 ?   D:9 [

Annotations:
D:11 Josephine


Innate Abilities, Weirdness & Mutations

You thrive by killing the living.
You are immune to poison.
You have sharp fingernails.
Your flesh is cold resistant. (rC+)
You are immune to negative energy. (rN+++)
You do not regenerate when monsters are visible.
You are immune to unholy pain and torment.


Message History

You feel strangely unstable. The eight-headed hydra misses you.
The eight-headed hydra bites you. The eight-headed hydra bites you!
The eight-headed hydra closely misses you.
The eight-headed hydra bites you!
* * * LOW HITPOINT WARNING * * *
The eight-headed hydra bites you but does no damage. x4
The eight-headed hydra misses you. The eight-headed hydra bites you.
* * * LOW HITPOINT WARNING * * *
The eight-headed hydra misses you.
The eight-headed hydra bites you but does no damage.
The eight-headed hydra misses you. The eight-headed hydra bites you.
* * * LOW HITPOINT WARNING * * *
The eight-headed hydra closely misses you.
You feel much better.
Josephine screams, "I'll use your head as a decoration in my hut!"
The eight-headed hydra bites you!
The eight-headed hydra bites you but does no damage.
The eight-headed hydra bites you!
* * * LOW HITPOINT WARNING * * *
The eight-headed hydra bites you but does no damage.
The eight-headed hydra bites you.
* * * LOW HITPOINT WARNING * * *
The eight-headed hydra bites you.
* * * LOW HITPOINT WARNING * * *
The eight-headed hydra misses you. x2
Unknown command.
Unknown command.
Your surroundings suddenly seem different.
The wraith misses you.
Blink to where?
Press: ? - help, Dir - move target
As you read the scroll of blinking, it crumbles to dust.
You feel yourself speed up.
You feel like a meek peon again.
Josephine says, "I'll make a rug of your skin."
You see here 19 stones.
Josephine screams, "I'll use your head as a decoration in my hut!"
Josephine screams, "Die!"
Josephine casts a spell at you.
You convulse!
You die...

#.# #.#
######## #.#
..#....# #.#
#.#.##.# #.#
#.#.##.# #.#
#.#.##.#
#.####.#######
#(#.##.#
#....@........
#.#.##.#
#######@####.##
#.#.##.#
#.D.....#
#.#.##.#
#.#######
....##.# #.#
#.####.# #.#
#D# #.# #.# #.#
#.# #D#
..####.# #.#


You could see Josephine.

Vanquished Creatures
  Fannar (D:10)
  Erolcha (D:9)
  Erica (D:8)
  A two-headed ogre (D:9)
  An orc knight (Bailey)
  Maggie (D:6)
  2 hornets
  2 shadows
  4 wraiths
  7 yaks
  9 orc warriors
  3 sky beasts
  2 necrophages
  5 centaurs
  3 ogres
  A phantom (D:4)
  A bullfrog (D:7)
  A water moccasin zombie (D:6)
  A water moccasin skeleton (D:5)
  4 killer bees (D:9)
  5 wights (D:9)
  7 howler monkeys
  4 centaur zombies
  3 hounds
  4 jellies
  An orc priest (D:10)
  2 bullfrog skeletons (D:5)
  A centaur skeleton (D:7)
  An iguana (D:6)
  8 orc wizards
  A hound zombie (D:5)
  A howler monkey zombie (D:10)
  9 adders
  A gnoll (Bailey)
  A shadow imp (D:6)
  A worm (D:4)
  6 dart slugs
  20 orcs
  16 ball pythons
  5 bats
  3 endoplasms (D:1)
  5 giant cockroaches
  11 goblins
  5 hobgoblins
  6 jackals
  22 kobolds
  5 quokkas
  2 frilled lizards
  9 rats
216 creatures vanquished.

Notes
Turn   | Place    | Note
-------+----------+-------------------------------------------
     0 | D:1      | HallandMoats the Ghoul Monk began the quest for the Orb.
     0 | D:1      | Reached XP level 1. HP: 19/19 MP: 0/0
    84 | D:1      | Reached XP level 2. HP: 26/26 MP: 1/1
   569 | D:1      | Reached XP level 3. HP: 33/33 MP: 2/2
   887 | D:2      | Reached skill level 1 in Armour
  1079 | D:2      | Reached XP level 4. HP: 40/40 MP: 3/3
  2524 | D:4      | Noticed a necrophage
  2537 | D:4      | Killed a necrophage
  2538 | D:4      | Reached skill level 1 in Invocations
  2538 | D:4      | Reached XP level 5. HP: 32/47 MP: 3/5
  2769 | D:4      | Noticed an ogre
  3164 | D:4      | Reached XP level 6. HP: 49/53 MP: 6/6
  3832 | D:4      | Reached skill level 5 in Unarmed Combat
  3878 | D:4      | Reached skill level 5 in Fighting
  4138 | D:5      | Entered Level 5 of the Dungeon
  4177 | D:5      | Found a staircase to the Ecumenical Temple.
  4198 | Temple   | Entered the Ecumenical Temple
  4395 | Temple   | Became a worshipper of Warmaster Okawaru
  4395 | Temple   | Reached * piety under Okawaru
  4395 | Temple   | Reached ** piety under Okawaru
  4947 | D:5      | Reached XP level 7. HP: 60/61 MP: 8/8
  5922 | D:6      | Reached XP level 8. HP: 52/70 MP: 6/10
  6004 | D:6      | Noticed a shadow
  6025 | D:6      | Killed a shadow
  6360 | D:6      | Noticed Maggie
  6372 | D:6      | Killed Maggie
  6373 | D:6      | Reached skill level 5 in Invocations
  6543 | D:6      | Reached XP level 9. HP: 79/79 MP: 10/12
  6565 | D:6      | Reached *** piety under Okawaru
  7277 | D:7      | Received a gift from Okawaru
  7519 | D:7      | Identified the +0 leather armour of Path {rElec}
  7834 | D:8      | Found Piytoz's Magic Scroll Emporium.
  7838 | D:8      | Bought a scroll of teleportation for 33 gold pieces
  7838 | D:8      | Bought a scroll of identify for 22 gold pieces
  7838 | D:8      | Bought a scroll of identify for 22 gold pieces
  7838 | D:8      | Bought a scroll of identify for 22 gold pieces
  8058 | D:8      | Noticed Erica
  8065 | D:8      | Killed Erica
  8065 | D:8      | Reached **** piety under Okawaru
  8066 | D:8      | Reached skill level 5 in Dodging
  8109 | D:8      | Found a staircase to the Lair.
  8194 | D:8      | Reached XP level 10. HP: 47/89 MP: 8/14
  8438 | D:8      | Identified the +0 cloak of the Valley of Death {Int+2
                  | Dex+6}
  8513 | D:9      | Found a burning altar of Makhleb.
  8514 | D:9      | Found a shimmering blue altar of Sif Muna.
  8514 | D:9      | Found a shadowy altar of Dithmenos.
  8519 | D:9      | Found an ancient bone altar of Kikubaaqudgha.
  8519 | D:9      | Found a hazy altar of Hepliaklqana.
  8521 | D:9      | Found a hide-covered altar of Uskayaw.
  8521 | D:9      | Found a bloodstained altar of Trog.
  8522 | D:9      | Found a shimmering altar of Xom.
  8815 | D:9      | Noticed Erolcha
  8826 | D:9      | Killed Erolcha
  8892 | D:9      | Noticed a two-headed ogre
  8913 | D:9      | Killed a two-headed ogre
  8913 | D:9      | Reached ***** piety under Okawaru
  8935 | D:9      | Found a broken altar of Ashenzari.
  9262 | D:9      | Found a snail-covered altar of Cheibriados.
  9377 | D:9      | Found a stormy altar of Qazlal.
  9454 | D:9      | Found Tinkib's Antique Armour Shoppe.
  9814 | D:10     | Entered Level 10 of the Dungeon
  9830 | D:10     | Found a flagged portal.
  9848 | D:10     | Received a gift from Okawaru
  9852 | D:10     | Reached skill level 5 in Armour
  9863 | Bailey   | Entered a bailey
  9892 | Bailey   | Identified the +8 falchion of Annihilation {vorpal, Str+3}
  9918 | Bailey   | Reached XP level 11. HP: 95/99 MP: 13/16
  9947 | Bailey   | Noticed an orc knight
 10277 | Bailey   | Identified the +0 scale mail "Xanokk" {rF+}
 10390 | Bailey   | Killed an orc knight
 10399 | Bailey   | Reached skill level 10 in Fighting
 10399 | Bailey   | Reached skill level 10 in Unarmed Combat
 11281 | D:10     | Noticed Fannar
 11302 | D:10     | Killed Fannar
 11904 | D:11     | Noticed Josephine
 11913 | D:11     | Noticed an eight-headed hydra
 11965 | D:11     | Killed from afar by Josephine

Illustrated notes

Levels and vault maps discovered:
D:1:      minmay_arrival_shattered_statue, layout_loops_ring,
          hangedman_decor_push
D:2:      layout_rooms
D:3:      layout_basic
D:4:      layout_basic, minmay_snake_closets
D:5:      layout_loops_cross, minmay_temple_entry_offerings
D:6:      layout_rooms, hangedman_decor_opposing, uniq_maggie
D:7:      layout_basic, minmay_misc_feat_diagonals
D:8:      layout_loops_ring, lair_entry_dummy, serial_shops,
          nicolae_shop_behind_doors, uniq_erica
D:9:      layout_loops_ring, lemuel_round_altar, grunt_temple_overflow_open,
          jmf_multi_god_temple, serial_shops, nicolae_diamond_shop, uniq_erolcha
D:10:     layout_big_octagon, enter_bailey_2, grunt_ministairs_3, uniq_fannar
D:11:     layout_basic, kennysheep_orc_monster_closet_entryway, uniq_snorg,
          uniq_grum, uniq_josephine
Temple:   grunt_temple_mini_profane

Skill      XL: |  1  2  3  4  5  6  7  8  9 10 11 |
---------------+----------------------------------+-----
Armour         | 1 2 3 4 5 |  5.5
Dodging        | 3 4 5 6 |  6.4
Unarmed Combat | 4 5 6 7 8 9 10 | 10.4
Fighting       | 4 5 6 7 8 9 10 | 10.4
Invocations    | 1 2 4 5 7 8 9 |  9.5
Stealth        | |  2.1

Action                   |  1- 3 |  4- 6 |  7- 9 | 10-12 || total
-------------------------+-------+-------+-------+-------++-------
Melee: Unarmed           |   123 |   228 |   254 |   350 ||   955
       Punch             |     2 |     6 |    15 |    30 ||    53
Invok: Heroism           |       |       |     3 |     7 ||    10
       Finesse           |       |       |       |     1 ||     1
Evoke: Wand              |       |       |       |     3 ||     3
  Use: Scroll            |       |     6 |     6 |     3 ||    15
       Potion            |       |       |       |     1 ||     1
 Stab: Sleeping          |     1 |     2 |     1 |       ||     4
       Distracted        |       |       |       |     1 ||     1
Armor: Ring mail         |    28 |    74 |    23 |       ||   125
       Robe              |     3 |       |       |       ||     3
       Scale mail        |       |       |    18 |       ||    18
       Steam dragon scal |       |       |    35 |   119 ||   154
Dodge: Dodged            |    57 |   123 |   136 |   260 ||   576

Table legend: (Time is in decaauts)
 A = Elapsed time spent in this place.
 B = Non-inter-level travel time spent in this place.
 C = Inter-level travel time spent in this place.
 D = Time resting spent in this place.
 E = Time spent auto-exploring this place.
 F = Levels seen in this place.
 G = Mean time per level.
                   A        B        C        D        E       F      G
               +--------+--------+--------+--------+--------+-----+--------+
         Total |  11857 |  11556 |    301 |   1082 |   8258 |  13 |  912.1 |
       Dungeon |  10733 |  10479 |    254 |    771 |   7815 |  11 |  975.7 |
        Temple |    221 |    174 |     47 |      0 |    170 |   1 |  221.0 |
        Bailey |    901 |    901 |      0 |    311 |    273 |   1 |  901.0 |
               +--------+--------+--------+--------+--------+-----+--------+

Top non-repeatable levels by time:
     D:4: 1877 daAuts
     D:5: 1345 daAuts
     D:9: 1279 daAuts
     D:3: 991 daAuts
    D:10: 981 daAuts
     D:6: 960 daAuts
  Bailey: 901 daAuts
     D:8: 842 daAuts
     D:1: 804 daAuts
     D:7: 775 daAuts
     D:2: 633 daAuts
    D:11: 243 daAuts
  Temple: 221 daAuts
